 Dungeon Crawl Stone Soup version 0.30-a0-760-g5a9884bb7c (webtiles) character file.

Game seed: 3353598893645830326

2695 Dittersdorf the Covered (level 9, -7/59 HPs)
             Began as a Gargoyle Fighter on Feb 10, 2023.
             Mangled by an ice beast (10 damage)
             ... on level 8 of the Dungeon.
             The game lasted 00:08:23 (7129 turns).

Dittersdorf the Covered (Gargoyle Fighter)          Turns: 7129, Time: 00:08:23

Health: -7/59      AC: 19    Str: 24    XL:     9   Next: 65%
Magic:  0/9        EV: 13    Int:  9    God:
Gold:   236        SH:  5    Dex:  9    Spells: 8/8 levels left

rFire   . . .      SeeInvis .    v - +3 flail (freeze)
rCold   . . .      Faith    .    c - +0 buckler
rNeg    + . .      Spirit   +    q - +0 chain mail
rPois   ∞          Reflect  .    a - +0 helmet
rElec   +          Harm     .    (no cloak)
rCorr   +          Rampage  .    (no gloves)
Will    .....                    h - +0 pair of boots Stlth
                                 k - amulet of guardian spirit
HPRegen 0.29/turn                o - ring of resist corrosion
MPRegen 0.11/turn                m - +5 ring of evasion

@: no status effects
A: sickness immunity, AC +6, negative energy resistance 1, electricity
resistance, torment resistance 1, petrification resistance
a: no special abilities


You were on level 8 of the Dungeon.
You visited 2 branches of the dungeon, and saw 9 of its levels.

You collected 236 gold pieces.

Inventory:

Hand Weapons
 v - a +3 flail of freezing (weapon)
Missiles
 g - 10 poisoned darts (quivered)
Armour
 a - a +0 helmet (worn)
 c - a +0 buckler (worn)
 h - a +0 pair of boots (worn)
 q - a +0 chain mail (worn)
Jewellery
 b - a ring of willpower
 k - an amulet of guardian spirit (around neck)
 m - a +5 ring of evasion (right hand)
 o - a ring of resist corrosion (left hand)
 u - a ring of protection from fire
Wands
 s - a wand of quicksilver (1)
 w - a wand of flame (29)
 y - a wand of digging (7)
Scrolls
 j - a scroll of identify
 n - 3 scrolls of blinking
 p - 2 scrolls of fear
Potions
 d - a potion of might
 e - 3 potions of curing {unknown}
 f - a potion of heal wounds
 i - a potion of invisibility
 l - a potion of haste
 r - 3 potions of flight
 x - a potion of experience {unknown}
 z - a potion of brilliance {unknown}
 A - a potion of magic


   Skills:
 + Level 7.8 Fighting
 + Level 6.7 Maces & Flails
 + Level 7.8 Armour
 + Level 7.8 Shields


You had 8 spell levels left.
You didn't know any spells.
Your spell library was empty.

Dungeon Overview and Level Annotations

Branches:
Dungeon (8/15)             Temple (1/1) D:5
   Lair: D:8-11

Altars:
Ashenzari
Cheibriados
Elyvilon
Fedhas
Kikubaaqudgha
Nemelex Xobeh
Qazlal
Sif Muna
Uskayaw
Xom
Yredelemnul
Zin
Lugonu

Shops:
D:7 [

Annotations:
D:4 3 runed translucent doors, patfeehan111222's ghost, amateur MiBe; superbruh's ghost, amateur HOFi
D:5 1 runed translucent door, GloriousHammer's ghost, amateur DEHs
D:6 3 runed translucent doors, sigtrap's ghost, novice GnFi


Innate Abilities, Weirdness & Mutations

You are immune to sickness and miasma.
Your stone body is resilient. (AC +6)
You are immune to poison.
You resist negative energy. (rN+)
You are resistant to electric shocks. (rElec)
You are resistant to unholy torment.
You are immune to petrification.


Message History

You sock the gnoll sergeant! You freeze the gnoll sergeant.
The gnoll sergeant is heavily wounded.
The gnoll hits you but does no damage. The gnoll sergeant barely misses you.
You sock the gnoll sergeant! You freeze the gnoll sergeant.
You kill the gnoll sergeant!
You block the gnoll's attack.
You sock the ice beast!
The ice beast is moderately wounded.
The gnoll misses you.
The ice beast hits you but does no damage.
You barely miss the gnoll. The gnoll misses you. The ice beast hits you.
The ice beast freezes you!
* * * LOW HITPOINT WARNING * * *
You thump the gnoll! You freeze the gnoll.
You kill the gnoll!
The ice beast hits you but does no damage.
An ice beast comes into view.
The ice beast hits you but does no damage.
Things that are here:
a +0 flail; a +0 whip; a gnoll corpse You hit the ice beast.
The ice beast is moderately wounded.
The ice beast hits you but does no damage.
You closely miss the ice beast.
The ice beast is moderately wounded.
A wolf comes into view.
The ice beast barely misses you.
You closely miss the ice beast.
The ice beast is moderately wounded.
The wolf howls!
The ice beast hits you.
* * * LOW HITPOINT WARNING * * *
The ice beast freezes you!
* * * LOW HITPOINT WARNING * * *
You hit the ice beast but do no damage.
The ice beast is moderately wounded.
The ice beast hits you.
* * * LOW HITPOINT WARNING * * *
The ice beast freezes you!
You die...

### #########
#.# #.#......
#.# #.#......
#.###.......#
#<@Ygg..(.(.#
#####h..(####
#...#Y#
#.......~.#
#...........#
#.............#
...h.~...#...Y..
...............~
...#..k..#.#....


You could see 2 ice beasts, a wolf and 2 gnolls.

Vanquished Creatures
  A rime drake (D:8)
  A polar bear (D:7)
  A steam dragon (D:7)
  A water moccasin (D:5)
  A sky beast (D:6)
  5 ice beasts
  A black bear (D:4)
  2 ogres
  A wolf (D:8)
  A phantom (D:4)
  A kobold brigand (D:7)
  A gnoll sergeant (D:8)
  A scorpion (D:5)
  A howler monkey (D:6)
  A hound (D:5)
  A jelly (D:4)
  8 orc priests
  2 iguanas
  4 orc wizards
  Robin (D:4)
  7 gnolls
  8 adders
  A shadow imp (D:7)
  A white imp (D:5)
  An ufetubus (D:5)
  3 worms
  21 orcs
  11 endoplasms
  5 giant cockroaches
  16 goblins
  10 hobgoblins
  9 jackals
  15 kobolds
  6 quokkas
  7 ball pythons
  5 bats
  9 frilled lizards
  7 rats
178 creatures vanquished.

Vanquished Creatures (others)
  6 withered plants (D:4)
6 creatures vanquished.

Grand Total: 184 creatures vanquished

Notes
Turn   | Place    | Note
-------+----------+-------------------------------------------
     0 | D:1      | Dittersdorf the Gargoyle Fighter began the quest for the
                  | Orb.
     0 | D:1      | Reached XP level 1. HP: 14/14 MP: 1/1
   139 | D:1      | Reached XP level 2. HP: 12/19 MP: 2/2
   310 | D:1      | Reached XP level 3. HP: 22/23 MP: 3/3
  1303 | D:2      | Reached XP level 4. HP: 29/29 MP: 4/4
  2010 | D:3      | Found a basalt altar of Yredelemnul.
  2219 | D:3      | Reached XP level 5. HP: 33/33 MP: 5/5
  2852 | D:4      | Noticed a phantom
  2861 | D:4      | Killed a phantom
  2870 | D:4      | Noticed a black bear
  2879 | D:4      | Killed a black bear
  2880 | D:4      | Reached XP level 6. HP: 28/39 MP: 6/6
  2959 | D:4      | Noticed Robin
  2966 | D:4      | Killed Robin
  3315 | D:4      | Reached skill level 5 in Armour
  3421 | D:4      | Found a runed translucent gate.
  3421 | D:4      | Found a runed translucent gate.
  3421 | D:4      | Found a runed translucent gate.
  3513 | D:4      | Reached skill level 5 in Fighting
  3513 | D:4      | Reached skill level 5 in Shields
  3513 | D:4      | Reached XP level 7. HP: 12/44 MP: 7/7
  3786 | D:4      | Found a snail-covered altar of Cheibriados.
  3864 | D:4      | Noticed superbruh's ghost (amateur HOFi)
  3864 | D:4      | Noticed patfeehan111222's ghost (amateur MiBe)
  3894 | D:5      | Entered Level 5 of the Dungeon
  4700 | D:5      | Found a runed translucent door.
  4704 | D:5      | Noticed GloriousHammer's ghost (amateur DEHs)
  4951 | D:5      | Found a stormy altar of Qazlal.
  5137 | D:5      | Found a staircase to the Ecumenical Temple.
  5213 | D:5      | Found a blossoming altar of Fedhas.
  5252 | Temple   | Entered the Ecumenical Temple
  5526 | D:6      | Reached XP level 8. HP: 37/51 MP: 5/8
  5598 | D:6      | Reached skill level 5 in Maces & Flails
  5623 | D:6      | Found a white marble altar of Elyvilon.
  5976 | D:6      | Found a runed translucent gate.
  5976 | D:6      | Noticed sigtrap's ghost (novice GnFi)
  5977 | D:6      | Found a runed translucent gate.
  5977 | D:6      | Identified the +6 chain mail of Inference {rF- Will++ Int+3
                  | SInv}
  5978 | D:6      | Found a runed translucent gate.
  6453 | D:7      | Reached XP level 9. HP: 47/56 MP: 6/9
  6501 | D:7      | Found Ypieck's Antique Armour Boutique.
  6727 | D:7      | Found a hide-covered altar of Uskayaw.
  6913 | D:8      | Noticed a polar bear
  6915 | D:8      | Noticed a rime drake
  6942 | D:7      | Killed a polar bear
  7098 | D:8      | Killed a rime drake
  7129 | D:8      | Mangled by an ice beast

Illustrated notes

Levels and vault maps discovered:
D:1:      nagdon_arrival_double_spiral, layout_basic, minmay_tetromino_o4
D:2:      minmay_chambers_of_ones, layout_loops_corners
D:3:      layout_basic, lemuel_round_altar, minmay_joined_circles
D:4:      layout_basic, mainiacjoe_overflow_alcove_2, gammafunk_ghost_cemetery,
          hangedman_minor_gate_pass, uniq_robin
D:5:      layout_cave_pods, mainiacjoe_overflow_surrounded_room, fedhas_altar_4,
          minmay_temple_entry_mist, ebering_ghost_reflecting_pool
D:6:      layout_cave_pools, overflow_temple_1_default,
          biasface_ghost_orc_armoury
D:7:      layout_basic, nicolae_uskayaw_dance_studio, serial_shops,
          kennysheep_mini
D:8:      layout_loops_ring, lemuel_coloured_pillars_altar,
          nzn_wu_jian_council_hall, grunt_dithmenos_smoke,
          hellmonk_lair_entry_icy, serial_shops, nicolae_stop_n_shop_2
Temple:   corrupted_temple

Skill      XL: |  1  2  3  4  5  6  7  8  9 |
---------------+----------------------------+-----
Armour         | 4 5 6 7 |  7.8
Fighting       | 4 5 6 7 |  7.8
Shields        | 4 5 6 7 |  7.8
Maces & Flails | 3 4 5 6 |  6.7

Action                     |  1- 3 |  4- 6 |  7- 9 || total
---------------------------+-------+-------+-------++-------
  Melee: Flail             |   172 |   198 |   293 ||   663
  Throw: Dart              |       |     3 |     7 ||    10
    Use: Scroll            |       |    14 |     6 ||    20
 Armour: Scale mail        |   122 |   103 |    43 ||   268
         Chain mail        |       |       |   148 ||   148
  Dodge: Dodged            |    76 |    99 |   201 ||   376
  Block: Buckler           |    39 |    42 |    87 ||   168

Table legend: (Time is in decaauts)
 A = Elapsed time spent in this place.
 B = Non-inter-level travel time spent in this place.
 C = Inter-level travel time spent in this place.
 D = Time resting spent in this place.
 E = Time spent auto-exploring this place.
 F = Levels seen in this place.
 G = Mean time per level.
                   A        B        C        D        E       F      G
               +--------+--------+--------+--------+--------+-----+--------+
         Total |   7304 |   6936 |    368 |    888 |   4525 |   9 |  811.6 |
       Dungeon |   7262 |   6906 |    356 |    888 |   4502 |   8 |  907.8 |
        Temple |     41 |     30 |     11 |      0 |     23 |   1 |   41.0 |
               +--------+--------+--------+--------+--------+-----+--------+

Top non-repeatable levels by time:
     D:5: 1545 daAuts
     D:4: 1247 daAuts
     D:1: 1034 daAuts
     D:2: 1001 daAuts
     D:7: 965 daAuts
     D:3: 856 daAuts
     D:6: 460 daAuts
     D:8: 150 daAuts
  Temple: 41 daAuts
